 Dungeon Crawl Stone Soup version 0.22.1-1-ga44c0e5 (webtiles) character file.

283 aMcNicky the Slinger (level 6, -3/42 HPs)
             Began as a Halfling Hunter on Oct 21, 2018.
             Was a Follower of Fedhas.
             Killed by divine providence
             ... invoked by an orc priest
              (11 damage)
             ... on level 4 of the Dungeon.
             The game lasted 00:15:05 (3035 turns).

aMcNicky the Slinger (Halfling Hunter)              Turns: 3035, Time: 00:15:05

Health: -3/42      AC:  4    Str: 14    XL:     6   Next: 54%
Magic:  7/7        EV: 15    Int:  9    God:    Fedhas [*.....]
Gold:   241        SH:  5    Dex: 16    Spells: 5/5 levels left

rFire    . . .     SeeInvis .   a - +1 hunting sling
rCold    . . .     Gourm    .   p - +0 buckler
rNeg     . . .     Faith    .   c - +0 leather armour
rPois    .         Spirit   .   (no helmet)
rElec    .         Reflect  .   (no cloak)
rCorr    .         Harm     .   (no gloves)
MR       .....                  q - +0 pair of boots (curse)
Stlth    ++........             (no amulet)
HPRegen  0.14/turn              (no ring)
MPRegen  0.10/turn              (no ring)

@: hasted, very quick
A: small, mutation resistance 1
a: Fungal Bloom, Sunlight, Renounce Religion


You were on level 4 of the Dungeon.
You worshipped Fedhas.
Fedhas was aware of your devotion.
You were not hungry.

You visited 1 branch of the dungeon, and saw 4 of its levels.

You collected 241 gold pieces.

Inventory:

Hand Weapons
 a - a +1 hunting sling (weapon)
 b - a +0 short sword
Missiles
 d - 66 sling bullets
 i - 77 stones (quivered)
Armour
 c - a +0 leather armour (worn)
 p - a +0 buckler (worn)
 q - a cursed +0 pair of boots (worn)
Scrolls
 g - a scroll of remove curse {unknown}
 h - a scroll of immolation {unknown}
 k - 3 scrolls of teleportation
 m - a scroll of fear {unknown}
 n - a scroll of noise {unknown}
 t - 2 scrolls of identify {@r1}
 w - a scroll of magic mapping {unknown}
 x - 3 scrolls of blinking {unknown}
Potions
 j - a potion of degeneration {unknown}
 l - a potion of heal wounds {unknown}
 o - a potion of flight {unknown}
 r - 2 potions of might {unknown}
 s - a potion of brilliance {unknown}
 v - a potion of agility {unknown}
Comestibles
 f - 5 rations


   Skills:
 + Level 3.0 Fighting
 * Level 8.2 Slings
 + Level 1.4 Armour
 * Level 3.2 Dodging
 - Level 1.1 Stealth
 + Level 1.2 Shields
 + Level 1.6 Invocations


You had 5 spell levels left.
You didn't know any spells.
Your spell library was empty.

Dungeon Overview and Level Annotations

Branches:
Dungeon (4/15)
 Temple: D:4-7

Altars:
Fedhas


Innate Abilities, Weirdness & Mutations

You are small and have problems with some larger weapons.
You are somewhat resistant to further mutation.


Message History

As you open the door, it creaks loudly! The ball python closely misses you. x2
There is an open door here.
The ball python bites you but does no damage.
You block the ball python's attack. The ball python bites you.
You block the ball python's attack.
The orc priest invokes the aid of Beogh against you.
Beogh smites you!
* * * LOW HITPOINT WARNING * * *
The ball python bites you.
* * * LOW HITPOINT WARNING * * *
You block the ball python's attack.
You feel yourself speed up. You block the ball python's attack.
The ball python barely misses you. The ball python bites you.
* * * LOW HITPOINT WARNING * * *
The ball python barely misses you.
The orc priest mumbles some strange prayers to Beogh against you.
Beogh smites you!
You die...
Fedhas appreciates your contribution to the ecosystem.

.# .## .# ..# .# #.# ##+## ####.#
#.# ##...## #....# #.## ##.....##
##.#..# #..## ##.).....##
##....##########...####.........#
.........o.o.S..@.....'..........
##...##########....####..........
###..##### #.#.## ##.......#.
.........# #.### ##.....##.
.###.###.# #.# ##...###. .###.#
#.# ##+## #. .#...# #.# #. .#.###
#.# #. .#.#####.# #.# #.


You could see an orc priest, an orc and a ball python.

Vanquished Creatures
  A centaur skeleton (D:2)
  An iguana (D:3)
  7 gnolls (D:3)
  5 adders (D:3)
  An ooze (D:2)
  6 worms
  3 dart slugs
  A leopard gecko (D:2)
  5 orcs
  5 bats
  2 giant cockroaches
  17 goblins
  8 hobgoblins
  2 jackals
  3 quokkas
  A ball python (D:1)
  3 frilled lizards
  5 kobolds
  11 rats
87 creatures vanquished.

Vanquished Creatures (others)
  A toadstool (D:4)
1 creature vanquished.

Grand Total: 88 creatures vanquished

Notes
Turn   | Place    | Note
-------+----------+-------------------------------------------
     0 | D:1      | aMcNicky the Halfling Hunter began the quest for the Orb.
     0 | D:1      | Reached XP level 1. HP: 14/14 MP: 1/1
    18 | D:1      | Reached skill level 6 in Slings
    93 | D:1      | Reached XP level 2. HP: 19/19 MP: 2/2
   440 | D:1      | Reached XP level 3. HP: 24/24 MP: 3/3
   787 | D:2      | Reached skill level 7 in Slings
   787 | D:2      | Reached XP level 4. HP: 30/30 MP: 4/4
   938 | D:2      | Found a faded altar of an unknown god.
   940 | D:2      | Became a worshipper of Fedhas Madash
   940 | D:2      | Reached * piety under Fedhas
  1686 | D:3      | Reached XP level 5. HP: 35/35 MP: 5/5
  1863 | D:3      | Reached skill level 1 in Invocations
  2163 | D:3      | Reached skill level 1 in Armour
  2508 | D:3      | Reached XP level 6. HP: 41/41 MP: 6/6
  2518 | D:3      | Reached skill level 8 in Slings
  2518 | D:3      | Reached skill level 1 in Shields
  3035 | D:4      | Killed from afar by an orc priest

Skill      XL: |  1  2  3  4  5  6 |
---------------+-------------------+-----
Slings         | 6 7 8 |  8.2
Fighting       | 2 3 |  3.0
Invocations    | 1 |  1.6
Armour         | 1 |  1.4
Dodging        | 3 |  3.2
Shields        | 1 |  1.2
Stealth        | |  1.1

Action                   |  1- 3 |  4- 6 || total
-------------------------+-------+-------++-------
 Fire: Hunting sling     |    56 |   249 ||   305
Invok: Sunlight          |       |     2 ||     2
       Fungal Bloom      |       |     1 ||     1
  Use: Scroll            |       |     4 ||     4
       Potion            |       |     1 ||     1
  Eat: Chunk             |       |     6 ||     6
Armor: Leather armour    |     2 |     9 ||    11
Dodge: Dodged            |     3 |    46 ||    49
Block: Buckler           |       |    18 ||    18
